[Event "Titled Tuesday Blitz June 27 Early 2023"]
[White "Terry, Renato"]
[Black "Ohanyan, Emin"]
[WhiteFideId "3803457"]
[BlackFideId "13312022"]
[WhiteElo "2998"]
[BlackElo "2818"]
[Result "1-0"]
[Round "6"]
[TimeControl "180+2"]
[Date "2023.06.27"]
[WhiteClock "0:01:49"]
[BlackClock "0:00:00"]
[Board "12"]

1. Nf3 d5 2. e3 Nf6 3. b3 c5 4. Bb2 Nc6 5. Bb5 Bd7 6. O-O e6 7. d3 a6 8. Bxc6 Bxc6 9. Ne5 Rc8 10. Nd2 Be7 11. a4 b6 12. Qf3 Bb7 13. Qg3 O-O 14. f4 g6 15. Qh3 d4 16. e4 Nd7 17. Ng4 h5 18. Ne5 Nxe5 19. fxe5 b5 20. axb5 axb5 21. Nf3 Qc7 22. Bc1 c4 23. Bh6 Rfd8 24. g4 h4 25. Bg5 Rd7 26. Qxh4 cxd3 27. cxd3 1-0


[Site "https://www.chess.com"]

[Event "Titled Tuesday Blitz June 27 Early 2023"]
[White "Paravyan, David"]
[Black "Srihari L R"]
[WhiteFideId "4194985"]
[BlackFideId "46617116"]
[WhiteElo "2993"]
[BlackElo "2813"]
[Result "1-0"]
[Round "6"]
[TimeControl "180+2"]
[Date "2023.06.27"]
[WhiteClock "0:01:44"]
[BlackClock "0:00:27"]
[Board "13"]

1. e4 c5 2. Nf3 e6 3. d4 cxd4 4. Nxd4 Nc6 5. Nc3 Qc7 6. Be3 a6 7. g4 b5 8. Nxc6 Qxc6 9. Qd2 b4 10. Ne2 Nf6 11. f3 d5 12. Nd4 Qb7 13. g5 Nd7 14. O-O-O e5 15. exd5 exd4 16. Bxd4 Bd6 17. Bxg7 Rg8 18. Bd4 Qc7 19. Kb1 Bb7 20. Re1+ Kd8 21. h4 Re8 22. Bh3 Ne5 23. f4 Nf3 24. Rxe8+ Kxe8 25. Qe3+ Kf8 26. Qxf3 Qc4 27. Rd1 Bxd5 28. Qb3 Bxf4 29. Qxc4 Bxc4 30. Bc5+ Kg7 31. Rd4 Re8 32. Bxb4 1-0


[Site "https://www.chess.com"]

[Event "Titled Tuesday Blitz June 27 Early 2023"]
[White "Bachmann, Axel"]
[Black "Martinez Alcantara, Jose Eduardo"]
[WhiteFideId "3700488"]
[BlackFideId "3805662"]
[WhiteElo "2807"]
[BlackElo "2992"]
[Result "0-1"]
[Round "6"]
[TimeControl "180+2"]
[Date "2023.06.27"]
[WhiteClock "0:00:00"]
[BlackClock "0:00:07"]
[Board "14"]

1. e4 c5 2. d4 cxd4 3. c3 d3 4. Bxd3 d6 5. c4 e6 6. Nc3 Nf6 7. Nf3 Nbd7 8. O-O b6 9. Qe2 Bb7 10. Rd1 a6 11. b3 Qc7 12. Bb2 Be7 13. h3 O-O 14. Rac1 Rfd8 15. Bb1 h6 16. Nd4 Bf8 17. Nd5 Qb8 18. Nxf6+ Nxf6 19. Rc3 Be7 20. Rg3 Kf8 21. f4 Qc7 22. e5 dxe5 23. fxe5 Bc5 24. b4 Bxd4+ 25. Bxd4 Rac8 26. Kh2 Ne8 27. Qf2 Qe7 28. c5 bxc5 29. Bxc5 Rxd1 30. Bxe7+ Kxe7 31. Qb6 Rc7 32. Bd3 h5 33. Bxa6 h4 34. Rg4 Bd5 35. Rxh4 Rcc1 36. Rg4 Rh1+ 37. Kg3 Rhd1 38. Qa7+ Kf8 39. Kh4 g6 40. Bb5 Nc7 41. Qb8+ Kg7 42. Be2 Rd2 43. Qd8 Rxe2 44. Qf6+ Kg8 45. Kg5 Re4 46. Kh6 Kf8 47. Qd8+ Ne8 48. Rxe4 Bxe4 49. b5 Bb7 50. a4 Bxg2 51. a5 Rc5 0-1


[Site "https://www.chess.com"]

[Event "Titled Tuesday Blitz June 27 Early 2023"]
[White "Harshavardhan G B"]
[Black "Tabatabaei, M. Amin"]
[WhiteFideId "25059009"]
[BlackFideId "12521213"]
[WhiteElo "2795"]
[BlackElo "2992"]
[Result "1-0"]
[Round "6"]
[TimeControl "180+2"]
[Date "2023.06.27"]
[WhiteClock "0:00:23"]
[BlackClock "0:00:14"]
[Board "15"]

1. d4 Nf6 2. c4 g6 3. Nc3 d5 4. h4 c5 5. cxd5 Nxd5 6. Na4 Nc6 7. Nxc5 e5 8. Nb3 exd4 9. h5 Bf5 10. hxg6 Bxg6 11. a3 Rc8 12. Nf3 Bg7 13. g3 Na5 14. Nbxd4 O-O 15. Bh3 Rc4 16. O-O Qb6 17. e3 Rd8 18. Bd2 Nc6 19. Rc1 Rxc1 20. Qxc1 Nxd4 21. Nxd4 Bxd4 22. exd4 Qxd4 23. Bg5 Re8 24. Rd1 Qe5 25. Bg2 Nf6 26. Qf4 Qxf4 27. Bxf4 b6 28. Be3 Be4 29. Bxe4 Nxe4 30. Rd7 Nxg3 31. Rxa7 b5 32. Rb7 Nf5 33. Rxb5 Nxe3 34. fxe3 Rxe3 35. a4 Re1+ 36. Kf2 Ra1 37. a5 Kg7 38. b4 Kg6 39. Rb6+ Kf5 40. a6 h5 41. b5 Kf4 42. Rf6+ Kg4 43. Rxf7 Ra2+ 44. Ke3 h4 45. Kd4 h3 46. Rh7 h2 47. Kc5 Kg3 48. Kb6 Rf2 49. Rxh2 Rxh2 50. a7 Rh8 51. Kb7 Rh7+ 52. Ka6 Rh8 53. b6 Kf4 54. b7 Rh6+ 55. Kb5 Rh5+ 56. Kc4 1-0


[Site "https://www.chess.com"]

[Event "Titled Tuesday Blitz June 27 Early 2023"]
[White "Narayanan.S.L"]
[Black "Weetik, Vjacheslav"]
[WhiteFideId "5058422"]
[BlackFideId "4153472"]
[WhiteElo "2989"]
[BlackElo "2786"]
[Result "1-0"]
[Round "6"]
[TimeControl "180+2"]
[Date "2023.06.27"]
[WhiteClock "0:01:05"]
[BlackClock "0:00:00"]
[Board "16"]

1. e3 d5 2. b4 e5 3. Bb2 Bxb4 4. Bxe5 Nf6 5. c3 Be7 6. Bxf6 Bxf6 7. g3 O-O 8. Bg2 Re8 9. Ne2 c6 10. O-O Nd7 11. d4 h5 12. Nd2 h4 13. Nf4 Nb6 14. Qc2 g6 15. a4 Bf5 16. Qa2 Bg5 17. a5 Bxf4 18. exf4 Nd7 19. Rfe1 Nf6 20. Nf3 h3 21. Bf1 Ne4 22. Qb2 Qc7 23. Ne5 f6 24. Nd3 Re7 25. f3 Nd6 26. Rxe7 Qxe7 27. Re1 Qc7 28. Nc5 b6 29. Na6 Qb7 30. g4 Bd7 31. Qc2 Kf7 32. Nb4 Re8 33. Rb1 Qc7 34. Nd3 Nc4 35. Qf2 Nxa5 36. Bxh3 Nc4 37. Bf1 a5 38. Ra1 Kg7 39. h4 Re3 40. g5 Qd6 41. gxf6+ Qxf6 42. Ne5 Qxf4 43. Bxc4 dxc4 44. h5 Bf5 45. hxg6 Bd3 46. Qh2 Qxh2+ 47. Kxh2 Bf5 48. Kg3 Rxc3 49. Kf4 Bc2 50. Rh1 Bxg6 51. Rg1 a4 52. Rxg6+ Kh7 53. Rxc6 b5 54. Kg5 a3 55. Rc7+ Kg8 56. Kg6 Kf8 57. Kf6 Kg8 58. f4 a2 59. Ra7 Rc2 60. Ng6 1-0


[Site "https://www.chess.com"]

[Event "Titled Tuesday Blitz June 27 Early 2023"]
[White "Sjugirov, Sanan"]
[Black "Kilic, Eray"]
[WhiteFideId "4189302"]
[BlackFideId "44517173"]
[WhiteElo "2970"]
[BlackElo "2773"]
[Result "0-1"]
[Round "6"]
[TimeControl "180+2"]
[Date "2023.06.27"]
[WhiteClock "0:00:01"]
[BlackClock "0:00:23"]
[Board "17"]

1. d4 Nf6 2. c4 g6 3. Nc3 d5 4. cxd5 Nxd5 5. e4 Nxc3 6. bxc3 Bg7 7. Bc4 c5 8. Ne2 O-O 9. O-O Nc6 10. Be3 b6 11. Rc1 Bb7 12. Bb5 cxd4 13. cxd4 Rc8 14. Qd2 a6 15. Bd3 b5 16. e5 Qa5 17. Qb2 Nb4 18. Bb1 Nd5 19. Nf4 Nxf4 20. Bxf4 Bd5 21. Bg5 e6 22. a3 Rfe8 23. Bd2 Qb6 24. Bb4 Bf8 25. Qd2 Bxb4 26. axb4 Bc4 27. Rfd1 Red8 28. h4 Rd7 29. h5 Rcd8 30. Qg5 Rxd4 31. Re1 Rd2 32. Re3 Rd1+ 33. Re1 Rxc1 34. Rxc1 Rd4 35. Qe3 Qd8 36. Re1 Rd1 37. h6 Rxe1+ 38. Qxe1 Qg5 39. Qd1 Bd5 40. Qc2 Qxg2# 0-1


[Site "https://www.chess.com"]

[Event "Titled Tuesday Blitz June 27 Early 2023"]
[White "Halkias, Stelios"]
[Black "Nguyen, Ngoc Truong Son"]
[WhiteFideId "4201809"]
[BlackFideId "12401110"]
[WhiteElo "2772"]
[BlackElo "2960"]
[Result "1-0"]
[Round "6"]
[TimeControl "180+2"]
[Date "2023.06.27"]
[WhiteClock "0:00:12"]
[BlackClock "0:00:00"]
[Board "18"]

1. Nf3 g6 2. d4 Bg7 3. e4 d6 4. Bc4 h6 5. Qe2 Bg4 6. c3 e6 7. Nbd2 Ne7 8. h3 Bxf3 9. Nxf3 a6 10. h4 Nd7 11. Be3 Nf6 12. Bd3 Qd7 13. O-O-O b5 14. Kb1 Rb8 15. e5 Nfd5 16. Bc1 a5 17. Ka1 b4 18. c4 Nb6 19. exd6 cxd6 20. d5 e5 21. c5 Nbxd5 22. cxd6 Qxd6 23. Bb5+ Kf8 24. Bc4 Rd8 25. Rhe1 Qc7 26. Nxe5 Bf6 27. Ng4 Bg7 28. Ne5 a4 29. Nxf7 Kxf7 30. Qe6+ Kf8 31. Bxd5 Nxd5 32. Rxd5 a3 33. Kb1 axb2 34. Bf4 1-0


[Site "https://www.chess.com"]

[Event "Titled Tuesday Blitz June 27 Early 2023"]
[White "Sanal, Vahap"]
[Black "Kislinsky, Alexey"]
[WhiteFideId "6300545"]
[BlackFideId "14108801"]
[WhiteElo "2954"]
[BlackElo "2767"]
[Result "1-0"]
[Round "6"]
[TimeControl "180+2"]
[Date "2023.06.27"]
[WhiteClock "0:01:05"]
[BlackClock "0:00:00"]
[Board "19"]

1. e4 c5 2. Nc3 Nc6 3. Bb5 Nf6 4. Bxc6 bxc6 5. d3 d5 6. e5 Nd7 7. f4 Nb6 8. Nf3 h5 9. O-O h4 10. h3 Bf5 11. a4 a5 12. b3 e6 13. Qe1 Be7 14. Ne2 d4 15. Nd2 Nd5 16. Nc4 Nb4 17. Qd1 Kd7 18. Bd2 Kc7 19. Rc1 Kb7 20. Qe1 Ka6 21. Qf2 Rc8 22. Kh1 g5 23. fxg5 Bxg5 24. Bxg5 Qxg5 25. Nd6 Rcg8 26. Nxf7 Qg7 27. Nxh8 Qxh8 28. Nf4 Qh6 29. Rce1 Rg3 30. Re2 Qg5 31. Kh2 Kb6 32. Qe1 Na2 33. Ref2 Qg7 34. Rf3 Rg5 35. Qxh4 Nc3 36. Rg3 Rxg3 37. Qxg3 Qxe5 38. Re1 Qf6 39. Nxe6 Bxe6 40. Qb8+ Ka6 41. Qd6 Qf4+ 42. Qxf4 1-0


[Site "https://www.chess.com"]

[Event "Titled Tuesday Blitz June 27 Early 2023"]
[White "Priasmoro, Novendra"]
[Black "Daneshvar, Bardiya"]
[WhiteFideId "7105029"]
[BlackFideId "12576468"]
[WhiteElo "2758"]
[BlackElo "2950"]
[Result "1-0"]
[Round "6"]
[TimeControl "180+2"]
[Date "2023.06.27"]
[WhiteClock "0:01:43"]
[BlackClock "0:00:50"]
[Board "20"]

1. e4 a6 2. d4 b5 3. Bd3 Bb7 4. Nf3 d6 5. O-O Nd7 6. Re1 e5 7. c3 Ngf6 8. a4 c6 9. Nbd2 g6 10. b3 Be7 11. Bb2 O-O 12. c4 b4 13. c5 exd4 14. cxd6 Bxd6 15. e5 Nxe5 16. Nxe5 c5 17. Ndc4 Bc7 18. Bc1 Nd5 19. Bh6 Re8 20. Qg4 Nf6 21. Qh4 Nh5 22. Bg5 f6 23. Nxg6 Rxe1+ 24. Rxe1 hxg6 25. Bxg6 fxg5 26. Qxh5 Qd7 27. Qxg5 Qd5 28. Bf7+ 1-0


[Site "https://www.chess.com"]

[Event "Titled Tuesday Blitz June 27 Early 2023"]
[White "Mahdavi, Reza"]
[Black "Suleymanli, Aydin"]
[WhiteFideId "12595926"]
[BlackFideId "13413937"]
[WhiteElo "2754"]
[BlackElo "2940"]
[Result "0-1"]
[Round "6"]
[TimeControl "180+2"]
[Date "2023.06.27"]
[WhiteClock "0:02:16"]
[BlackClock "0:01:57"]
[Board "21"]

1. e4 g6 2. d4 Bg7 3. Nc3 a6 4. f4 d6 5. Nf3 b5 6. Bd3 Bb7 7. e5 Nh6 8. Be4 Bxe4 9. Nxe4 O-O 10. O-O Qc8 11. a4 Qb7 12. Qe2 Nc6 13. c3 Na5 14. b4 Nc4 15. Ned2 Nb6 16. axb5 axb5 17. Rxa8 Nxa8 18. Qxb5 Qxb5 0-1


[Site "https://www.chess.com"]

[Event "Titled Tuesday Blitz June 27 Early 2023"]
[White "Morefield, Jason"]
[Black "Movahed, Sina"]
[WhiteFideId "30920825"]
[BlackFideId "42520835"]
[WhiteElo "2749"]
[BlackElo "2937"]
[Result "1-0"]
[Round "6"]
[TimeControl "180+2"]
[Date "2023.06.27"]
[WhiteClock "0:00:06"]
[BlackClock "0:00:05"]
[Board "22"]

1. e4 c5 2. Nf3 d6 3. d4 cxd4 4. Nxd4 Nf6 5. Nc3 a6 6. Be2 e5 7. Nb3 Be6 8. f4 exf4 9. Bxf4 Nc6 10. O-O Be7 11. Qd2 O-O 12. Rad1 b5 13. a3 Qb6+ 14. Be3 Qc7 15. Nd5 Bxd5 16. exd5 Ne5 17. Nd4 Nxd5 18. Nxb5 axb5 19. Qxd5 Qxc2 20. Rd2 Qg6 21. Bxb5 Bg5 22. Bxg5 Qxg5 23. a4 Rac8 24. b4 Qe3+ 25. Kh1 h5 26. h3 h4 27. Re2 Qh6 28. a5 Kh8 29. a6 f5 30. Ref2 f4 31. Be2 Rc3 32. b5 Ra3 33. Qe4 f3 34. Bxf3 Qg5 35. Qd5 Qg3 36. Qxd6 Raxf3 37. Qxf8+ Rxf8 38. Rxf8+ Kh7 39. a7 Ng4 40. hxg4 h3 41. a8=Q 1-0


[Site "https://www.chess.com"]

[Event "Titled Tuesday Blitz June 27 Early 2023"]
[White "Antipov, Mikhail Al."]
[Black "Lorparizangeneh, Shahin"]
[WhiteFideId "4107012"]
[BlackFideId "12521604"]
[WhiteElo "2915"]
[BlackElo "2747"]
[Result "1-0"]
[Round "6"]
[TimeControl "180+2"]
[Date "2023.06.27"]
[WhiteClock "0:01:11"]
[BlackClock "0:00:00"]
[Board "23"]

1. e4 e5 2. Nf3 Nc6 3. Nc3 Nf6 4. Bb5 Bc5 5. Nxe5 Nxe5 6. d4 Bd6 7. dxe5 Bxe5 8. Bd3 O-O 9. O-O Re8 10. Nb5 c6 11. f4 Bb8 12. Nc3 d6 13. Qf3 b5 14. h3 a5 15. Kh1 b4 16. Ne2 Ba6 17. Ng3 Nd7 18. b3 Nc5 19. Bb2 Nxd3 20. cxd3 f6 21. Nh5 Qe7 22. Qg4 Kh8 23. Rf3 Bc8 24. Qh4 Rf8 25. Rg3 Rf7 26. Nxg7 Ra7 27. Nh5 Rf8 28. Nxf6 1-0


[Site "https://www.chess.com"]

[Event "Titled Tuesday Blitz June 27 Early 2023"]
[White "Baskakov, Egor"]
[Black "Boruchovsky, Avital"]
[WhiteFideId "24197866"]
[BlackFideId "2800055"]
[WhiteElo "2909"]
[BlackElo "2746"]
[Result "0-1"]
[Round "6"]
[TimeControl "180+2"]
[Date "2023.06.27"]
[WhiteClock "0:00:18"]
[BlackClock "0:01:22"]
[Board "24"]

1. e4 c5 2. Nf3 Nc6 3. Nc3 Nf6 4. e5 Ng4 5. Qe2 d5 6. exd6 Qxd6 7. g3 Nf6 8. Bg2 Bg4 9. h3 Nd4 10. Qd1 Bf5 11. d3 e6 12. O-O Be7 13. Nh4 Qd7 14. Re1 Bg6 15. Nxg6 hxg6 16. Bf4 O-O-O 17. a4 a6 18. Nb5 axb5 19. axb5 Bd6 20. b6 Bxf4 21. Ra8+ Bb8 22. Qa1 Nc6 23. Qa4 Nd5 24. Qb5 Qd6 25. Rea1 Nd4 0-1


[Site "https://www.chess.com"]

[Event "Titled Tuesday Blitz June 27 Early 2023"]
[White "Ibarra Jerez, Jose Carlos"]
[Black "Tanenbaum, Zachary"]
[WhiteFideId "2226332"]
[BlackFideId "2060850"]
[WhiteElo "2885"]
[BlackElo "2746"]
[Result "1-0"]
[Round "6"]
[TimeControl "180+2"]
[Date "2023.06.27"]
[WhiteClock "0:01:11"]
[BlackClock "0:00:01"]
[Board "25"]

1. e4 e5 2. Nf3 Nc6 3. Nc3 Nf6 4. h3 d5 5. exd5 Nxd5 6. Bb5 Nxc3 7. bxc3 Bd6 8. O-O O-O 9. d4 exd4 10. cxd4 Qf6 11. Bb2 Bf5 12. c4 Nb4 13. Qb3 c6 14. c5 cxb5 15. Qxb4 Bc7 16. d5 Qg6 17. Nh4 Qg5 18. d6 a5 19. Qd4 Bd8 20. Nxf5 Bf6 21. Ne7+ Kh8 22. Qd5 Qxd5 23. Nxd5 Bxb2 24. Rab1 Ba3 25. Rxb5 Rac8 26. Nb6 Rc6 27. Nc4 Bxc5 28. Ne5 Bxd6 29. Nxc6 bxc6 30. Rxa5 g6 31. Ra6 Rc8 32. Rc1 Bf4 33. Raxc6 Ra8 34. Rc8+ Rxc8 35. Rxc8+ Kg7 36. a4 Bd2 37. Rd8 Bb4 38. Rd5 1-0


[Site "https://www.chess.com"]

[Event "Titled Tuesday Blitz June 27 Early 2023"]
[White "Bacrot, Etienne"]
[Black "Klukin, Kirill"]
[WhiteFideId "605506"]
[BlackFideId "24199273"]
[WhiteElo "2877"]
[BlackElo "2742"]
[Result "1-0"]
[Round "6"]
[TimeControl "180+2"]
[Date "2023.06.27"]
[WhiteClock "0:00:08"]
[BlackClock "0:00:03"]
[Board "26"]

1. d4 f5 2. Nf3 e6 3. Nc3 Nf6 4. Bg5 Bb4 5. e3 b6 6. Bd3 Bb7 7. O-O Bxc3 8. bxc3 O-O 9. Nd2 h6 10. Bh4 Qe8 11. f3 d6 12. e4 Nh5 13. exf5 exf5 14. Re1 Qg6 15. Bc4+ d5 16. Bf1 Nd7 17. Re7 Rf7 18. Qe1 Rxe7 19. Qxe7 Qf7 20. Re1 Nhf6 21. Bd3 g6 22. c4 Re8 23. Qxf7+ Kxf7 24. Rxe8 Kxe8 25. cxd5 Nxd5 26. c4 Nf4 27. Bf1 c5 28. Bg3 g5 29. d5 Ke7 30. Kf2 Ng6 31. Bc7 Nge5 32. a4 Nf7 33. f4 Bc8 34. g3 Nd6 35. a5 bxa5 36. Bxa5 Nb6 37. h3 Ba6 38. Bxb6 axb6 39. Ke3 Kf6 40. h4 gxh4 41. gxh4 Bc8 42. Be2 Bd7 43. Bf3 Be8 44. Kd3 Ba4 45. Nb1 Bb3 46. Na3 Ba2 47. Kc3 Ke7 48. Be2 b5 49. Nxb5 Nxb5+ 50. cxb5 Bxd5 51. Bd3 Ke6 52. Bc4 Kd6 53. Bxd5 Kxd5 54. h5 c4 55. b6 Kc6 56. Kxc4 Kxb6 57. Kd5 Kc7 58. Ke5 Kd7 59. Kxf5 Ke7 60. Kg6 1-0


[Site "https://www.chess.com"]

[Event "Titled Tuesday Blitz June 27 Early 2023"]
[White "Galchenko, Matvey"]
[Black "splendidkid"]
[WhiteFideId "24175480"]
[WhiteElo "2872"]
[BlackElo "2730"]
[Result "1-0"]
[Round "6"]
[TimeControl "180+2"]
[Date "2023.06.27"]
[WhiteClock "0:00:05"]
[BlackClock "0:00:00"]
[Board "27"]

1. d4 Nf6 2. c4 g6 3. Nc3 Bg7 4. e4 O-O 5. Nf3 d6 6. Be2 Nbd7 7. O-O e5 8. Be3 Ng4 9. Bg5 f6 10. Bh4 Nh6 11. Rc1 c6 12. Bg3 Qe7 13. b4 Nf7 14. Re1 f5 15. exf5 gxf5 16. Bh4 Nf6 17. d5 Bd7 18. Bd3 Qd8 19. Bb1 a5 20. a3 Qc7 21. c5 axb4 22. axb4 e4 23. Nd4 dxc5 24. bxc5 cxd5 25. Bxf6 Bxf6 26. Nxd5 Qe5 27. Nf3 Qe6 28. Nc7 Qe7 29. Nxa8 Rxa8 30. Nd4 Ne5 31. Qb3+ Kh8 32. Qxb7 Qf8 33. c6 Rb8 34. cxd7 Rxb7 35. Rc8 Nxd7 36. Rxf8+ Nxf8 37. Nxf5 Bc3 38. Rc1 Bd2 39. Rd1 Rb4 40. h3 Bc3 41. Nd6 e3 42. fxe3 Ne6 43. Ne4 Be5 44. Nf2 Rb3 45. Bf5 Ng5 46. Ng4 Bc7 47. Bd3 h5 48. Nf6 h4 49. Nd5 Bg3 50. Nf4 Rb2 51. Ne2 Be5 52. Bc4 Rc2 53. Bd3 Rb2 54. Kf2 Kg7 55. Kf1 Kf6 56. Rb1 Rd2 57. Ba6 Ra2 58. Bc4 Rc2 59. Bb3 Rd2 60. Rd1 Rb2 61. Bd5 Ke7 62. Bf3 Ne6 63. Bg4 Nc5 64. Bf3 Nb3 65. Nd4 Nd2+ 66. Ke2 Ne4+ 67. Kf1 Nd2+ 68. Kg1 Kf6 69. Be2 Ne4 70. Bd3 Nc3 71. Rf1+ Kg7 72. Ne6+ Kh6 73. Rf5 Bg3 74. Rf1 Rd2 75. Bc4 Rd6 76. Nd4 Rb6 77. Nf5+ Kg5 78. Bd3 Rb2 79. Nd4 Be5 80. Nf3+ Kf6 81. Nxe5+ Kxe5 82. Rf4 Rd2 83. Bf1 Nd5 84. Rxh4 Nxe3 85. Rh8 Rd1 86. Rf8 Ke6 87. Rf3 Nd5 88. Kf2 Rd2+ 89. Kg3 Ke5 90. Bc4 Nf6 91. Bd3 Nd5 92. h4 Nf6 93. Rf5+ Ke6 94. Rf3 Ke5 95. Bf1 Ne4+ 96. Kg4 Rd4 97. Kh3 Rd2 98. Re3 Rd6 99. Rf3 Rd4 100. Re3 Kf4 101. Ra3 Ke5 102. Ra5+ Kf4 103. Ra8 Nf2+ 104. Kh2 Ng4+ 105. Kg1 Rd1 106. Ra4+ Kg3 107. Ra3+ Kxh4 108. Rh3+ Kg5 109. Rg3 Kf4 110. Rf3+ Kg5 111. Ra3 Kh4 112. Ra4 Kg3 113. Re4 Rc1 114. Re8 Kh4 115. Rh8+ Kg5 116. Rh3 Kf4 117. Rf3+ Kg5 118. g3 Rc2 119. Rf4 Rc1 120. Re4 Ra1 121. Kg2 Kf5 122. Re8 Kg5 123. Be2 Nf6 124. Re5+ Kg6 125. Bd3+ Kg7 126. Re7+ Kh6 127. Rb7 Ra2+ 128. Kh3 Ra3 129. Bf1 Ra1 130. Bg2 Kg5 131. Rb5+ Kg6 132. Bf3 Ra7 133. Kg2 Rg7 134. g4 Rg8 135. Kg3 Kh6 136. Kf4 Nh7 137. Be4 Ng5 138. Rb6+ Kg7 139. Kxg5 Rb8 140. Rxb8 1-0


[Site "https://www.chess.com"]

[Event "Titled Tuesday Blitz June 27 Early 2023"]
[White "Aradhya, Garg"]
[Black "Pichot, Alan"]
[WhiteFideId "25006746"]
[BlackFideId "110973"]
[WhiteElo "2728"]
[BlackElo "2868"]
[Result "1-0"]
[Round "6"]
[TimeControl "180+2"]
[Date "2023.06.27"]
[WhiteClock "0:00:19"]
[BlackClock "0:00:01"]
[Board "28"]

1. d4 Nf6 2. c4 e6 3. Nf3 d5 4. Nc3 dxc4 5. e4 b5 6. e5 Nfd7 7. Nxb5 Nb6 8. a4 Nc6 9. a5 Ba6 10. Nc3 Nd5 11. Be2 Bb4 12. Bd2 O-O 13. O-O Rb8 14. Ne4 Be7 15. Bc3 Ncb4 16. Nfd2 Nd3 17. Nxc4 N3f4 18. Re1 Nxe2+ 19. Qxe2 Qd7 20. Ned2 c5 21. Qg4 Nxc3 22. bxc3 cxd4 23. Qxd4 Rfd8 24. Qxd7 Rxd7 25. Nd6 Bxd6 26. exd6 Rxd6 27. Nf3 Rc6 28. Reb1 Rbc8 29. Ra3 h6 30. Rbb3 R6c7 31. h3 Bc4 32. Rb2 Bd5 33. Rc2 Rc5 34. Nd2 Rb8 35. c4 Rb4 36. Rcc3 Bc6 37. Rab3 Ra4 38. Rb8+ Kh7 39. Rc8 Raxa5 40. Nb3 Ra3 41. Nxc5 Rxc3 42. Rxc6 Rxc4 43. Rc7 a5 44. Nxe6 Re4 45. Nd8 f5 46. Ra7 a4 47. Nf7 Kg6 48. Nd6 Rd4 49. Nb5 Rc4 50. Ra6+ Kf7 51. Nd6+ 1-0


[Site "https://www.chess.com"]

[Event "Titled Tuesday Blitz June 27 Early 2023"]
[White "Mekhitarian, Krikor Sevag"]
[Black "Preotu, Razvan"]
[WhiteFideId "2107660"]
[BlackFideId "2613280"]
[WhiteElo "2858"]
[BlackElo "2722"]
[Result "1-0"]
[Round "6"]
[TimeControl "180+2"]
[Date "2023.06.27"]
[WhiteClock "0:00:03"]
[BlackClock "0:00:00"]
[Board "29"]

1. Nf3 c5 2. c4 Nf6 3. Nc3 d5 4. cxd5 Nxd5 5. e3 e6 6. Bc4 Nxc3 7. dxc3 Qc7 8. e4 Nc6 9. Qd2 Bd6 10. O-O O-O 11. Qe2 b6 12. Bg5 Bb7 13. Rad1 h6 14. Bc1 Rad8 15. g3 Kh8 16. Rfe1 Ne5 17. Nxe5 Bxe5 18. f4 Bf6 19. Bb5 Qc8 20. Kf2 a6 21. Bd3 b5 22. Bc2 Qc6 23. Be3 a5 24. Rxd8 Rxd8 25. Rd1 b4 26. Rxd8+ Bxd8 27. Qc4 Be7 28. Bd3 Qa4 29. Ke2 Kg8 30. h4 h5 31. a3 g6 32. axb4 axb4 33. Bxc5 Bxc5 34. Qxc5 bxc3 35. Qxc3 Bxe4 36. Bxe4 Qxe4+ 37. Kf2 Kh7 38. b4 Qd5 39. Qb2 Qb5 40. Ke3 1-0


[Site "https://www.chess.com"]

[Event "Titled Tuesday Blitz June 27 Early 2023"]
[White "Erdogmus, Yagiz Kaan"]
[Black "Kjartansson, David"]
[WhiteFideId "44599790"]
[BlackFideId "2301130"]
[WhiteElo "2853"]
[BlackElo "2675"]
[Result "1-0"]
[Round "6"]
[TimeControl "180+2"]
[Date "2023.06.27"]
[WhiteClock "0:00:20"]
[BlackClock "0:00:56"]
[Board "30"]

1. e4 d6 2. d4 Nf6 3. Nc3 e5 4. Nf3 Nbd7 5. Bc4 Be7 6. O-O c6 7. a4 Qc7 8. h3 h6 9. Re1 Nf8 10. a5 g5 11. dxe5 dxe5 12. Nh2 Ng6 13. Ng4 Nxg4 14. hxg4 Bb4 15. Qf3 Nf4 16. g3 Ne6 17. Bd2 Be7 18. Nd1 Rh7 19. Ne3 Nd4 20. Qd1 Be6 21. c3 Bxc4 22. cxd4 Bb5 23. d5 O-O-O 24. Nf5 Bf8 25. a6 bxa6 26. Ba5 Qd7 27. Bxd8 Qxd8 28. dxc6 Qxd1 29. Rexd1 f6 30. Nd6+ Bxd6 31. Rxd6 Rf7 32. Rad1 Kc7 33. Rd7+ Rxd7 34. Rxd7+ Kxc6 35. Rf7 Kc5 36. Rxf6 Kd4 37. Rxh6 Kxe4 38. Rg6 Be2 39. Rxg5 a5 40. Rg7 a6 41. g5 Kf5 42. g6 Kf6 43. Rc7 Kxg6 44. Rc5 Kf5 45. f4 Kg4 46. Rxe5 Bb5 47. Kg2 Bc6+ 48. Kf2 Bb5 49. Rg5+ Kh3 50. f5 a4 51. f6 Bc4 52. Rh5+ Kg4 53. Rh4+ 1-0


[Site "https://www.chess.com"]

[Event "Titled Tuesday Blitz June 27 Early 2023"]
[White "Manukyan, Sargis A."]
[Black "Mardov, Dimitar"]
[WhiteFideId "13303970"]
[BlackFideId "30919495"]
[WhiteElo "2672"]
[BlackElo "2850"]
[Result "0-1"]
[Round "6"]
[TimeControl "180+2"]
[Date "2023.06.27"]
[WhiteClock "0:00:11"]
[BlackClock "0:00:10"]
[Board "31"]

1. d4 Nf6 2. c4 e6 3. Nc3 d5 4. Bg5 Be7 5. cxd5 exd5 6. e3 c6 7. Bd3 Nbd7 8. Nf3 Nf8 9. Qc2 Ne6 10. Bh4 g6 11. O-O O-O 12. Rab1 a5 13. a3 b5 14. Ne2 Bd7 15. Ne5 Rc8 16. Rfc1 Be8 17. h3 Rc7 18. b4 axb4 19. axb4 Nh5 20. Bxe7 Qxe7 21. f4 f6 22. Nf3 Nd8 23. Qd2 Ng7 24. g4 Qd6 25. g5 Re7 26. gxf6 Qxf6 27. Ne5 Qh4 28. Kg2 Bd7 29. Ng1 Nf7 30. Nxd7 Rxd7 31. Rxc6 Nh5 32. Qf2 Qe7 33. Nf3 Nd6 34. Ne5 Ra7 35. Rbc1 Nc4 36. Bxc4 bxc4 37. Rc5 Qe6 38. Rc2 Ra3 39. Qf3 Nxf4+ 40. Kh2 Nd3 41. Qxd5 Nxc5 42. Qxc5 Rxe3 43. Qxc4 Rxh3+ 44. Kg2 Qxc4 45. Rxc4 Rb3 46. d5 Rd8 47. Rd4 Kf8 48. d6 Rb2+ 49. Kf3 Rc2 50. d7 Ke7 51. b5 Ke6 52. Kf4 g5+ 53. Ke4 Re2+ 54. Kd3 Rxe5 55. b6 Rb5 56. Re4+ Kxd7 57. Kc4 Rxb6 58. Re5 Rd6 59. Kc5 Rc8+ 60. Kb5 Rg6 61. Rd5+ Ke7 62. Rf5 Rf8 63. Re5+ Kf7 64. Kc5 Kg7 65. Kd4 Rf7 66. Ke4 g4 67. Ke3 g3 68. Ke2 g2 69. Re3 g1=Q 70. Kd3 Qd1+ 71. Ke4 Re6# 0-1


[Site "https://www.chess.com"]

[Event "Titled Tuesday Blitz June 27 Early 2023"]
[White "Maximov, Dmitry"]
[Black "Al-Tarboush, Ward"]
[WhiteFideId "14105659"]
[BlackFideId "7601450"]
[WhiteElo "2846"]
[BlackElo "2644"]
[Result "1-0"]
[Round "6"]
[TimeControl "180+2"]
[Date "2023.06.27"]
[WhiteClock "0:02:04"]
[BlackClock "0:00:03"]
[Board "32"]

1. e4 e6 2. d4 d5 3. e5 c5 4. c3 Nc6 5. Nf3 Qb6 6. a3 Nh6 7. b4 cxd4 8. cxd4 Nf5 9. Be3 Bd7 10. Bd3 Nxe3 11. fxe3 Be7 12. O-O f5 13. exf6 Bxf6 14. Nc3 O-O 15. Na4 Qd8 16. Nc5 b6 17. Nxd7 Qxd7 18. Qc2 h6 19. Bb5 Rac8 20. Rac1 Nxd4 21. Nxd4 Qd6 22. Qxc8 Rxc8 23. Rxc8+ Kf7 24. Be8+ Kf8 25. Bg6+ Ke7 26. Re8+ Kd7 27. Rxe6 Qc7 28. Be8+ Kd8 29. Bc6 Qf7 30. Re8+ Kc7 31. Ne6+ Kd6 32. b5 Qg6 33. Nf4 Qc2 34. Re6+ Kc7 35. Nxd5+ Kd8 36. Re8# 1-0


[Site "https://www.chess.com"]

[Event "Titled Tuesday Blitz June 27 Early 2023"]
[White "Fridman, Daniel"]
[Black "Colas, Joshua"]
[WhiteFideId "11600454"]
[BlackFideId "2044447"]
[WhiteElo "2829"]
[BlackElo "2635"]
[Result "1-0"]
[Round "6"]
[TimeControl "180+2"]
[Date "2023.06.27"]
[WhiteClock "0:01:04"]
[BlackClock "0:01:13"]
[Board "33"]

1. d4 d5 2. Nf3 Nf6 3. c4 e6 4. g3 dxc4 5. Bg2 Nc6 6. O-O Rb8 7. Nc3 a6 8. e4 Be7 9. d5 Na5 10. Qa4+ c6 11. d6 Bf8 12. e5 Nd5 13. Nxd5 exd5 14. Bd2 c3 15. Bxc3 Nc4 16. b3 b5 17. Qb4 Nb6 18. Qc5 Nd7 19. Qxc6 Bb7 20. Qc7 Qxc7 21. dxc7 Rc8 22. Ba5 Bc5 23. Rac1 Bb6 24. Bxb6 Nxb6 25. Nd4 O-O 26. Bh3 Ra8 27. Nc6 Kh8 28. Na5 Bc8 29. Bxc8 Raxc8 30. Rc6 Nd7 31. f4 Rfe8 32. Rfc1 Nf8 33. Nb7 Ne6 34. Nd6 1-0


[Site "https://www.chess.com"]